 Dungeon Crawl Stone Soup version 0.30.0-13-g156ef70053 (webtiles) character file.

Game seed: 17195323454203241863

557 Villanelle the Sneak (level 7, -7/52 HPs)
             Began as a Human Brigand on May 17, 2023.
             Mangled by a mummy (14 damage)
             ... in an ossuary.
             The game lasted 00:06:37 (1235 turns).

Villanelle the Sneak (Human Brigand)                Turns: 1235, Time: 00:06:38

Health: -7/52      AC: 12    Str: 14    XL:     7   Next: 56%
Magic:  9/9        EV: 13    Int: 11    God:
Gold:   80         SH:  0    Dex: 14    Spells: 9/9 levels left

rFire   . . .        a - +2 dagger (protect)
rCold   . . .        (no shield)
rNeg    . . .        b - +1 robe
rPois   .            (no helmet)
rElec   .            c - +1 cloak
rCorr   .            (no gloves)
SInv    .            (no boots)
Will    .....        (no amulet)
Stlth   +++          (no ring)
HPRegen 0.28/turn    (no ring)
MPRegen 0.11/turn

%: no passive effects
@: under a protective aura, flying
A: no striking features
a: no special abilities


You were in an ossuary.
You visited 1 branch of the dungeon, and saw 4 of its levels.
You also visited: Ossuary.

You collected 80 gold pieces.

Inventory:

Hand Weapons
 a - a +2 dagger of protection (weapon)
Missiles
 d - 8 poisoned darts
 e - 3 curare-tipped darts (quivered)
 g - a boomerang
Armour
 b - a +1 robe (worn)
 c - a +1 cloak (worn)
 i - a scarf of invisibility
Scrolls
 j - a scroll of noise
 k - 2 scrolls of identify
 n - a scroll of immolation
Potions
 h - a potion of curing {unknown}


   Skills:
 * Level 3.0 Fighting
 * Level 4.2 Short Blades
 * Level 2.9 Throwing
 * Level 2.0 Armour
 * Level 2.9 Dodging
 * Level 5.5 Stealth
 * Level 1.6 Spellcasting


You had 9 spell levels left.
You didn't know any spells.
Your spell library contained the following spells:

 Spells                   Type           Power      Damage    Failure   Level
 Lesser Beckoning         Tloc           0%         N/A       41%         2
 Gell's Gravitas          Tloc           0%         N/A       65%         3
 Teleport Other           Tloc           0%         N/A       65%         3


Dungeon Overview and Level Annotations

Branches:
Dungeon (4/15)            Ossuary (1/1)
 Temple: D:4-7

Altars:
Cheibriados


Message History

The orc zombie is almost destroyed.
You hit the orc zombie.
You destroy the orc zombie!
You hit the hobgoblin zombie.
The hobgoblin zombie is lightly damaged.
The mummy barely misses you.
You hit the hobgoblin zombie.
The hobgoblin zombie is moderately damaged.
The hobgoblin zombie hits you but does no damage.
You hit the hobgoblin zombie.
The hobgoblin zombie is severely damaged.
The mummy hits you but does no damage. The mummy closely misses you.
You hit the mummy.
The mummy is lightly damaged.
You hit the mummy.
The mummy is moderately damaged.
You hit the mummy.
The mummy is moderately damaged.
The mummy closely misses you. The mummy hits you but does no damage.
The mummy hits you!
It was a potion of flight.
You feel very buoyant.
You fly up into the air.
The mummy misses you.
You completely miss the mummy.
The mummy hits you but does no damage. x2
The mummy barely misses you.
You hit the mummy.
The mummy is lightly damaged.
The mummy hits you!
You completely miss the mummy.
The mummy is lightly damaged.
The mummy hits you! The mummy hits you but does no damage.
The mummy completely misses you.
You hit the mummy.
The mummy is moderately damaged.
The mummy hits you!
* * * LOW HITPOINT WARNING * * *
You barely miss the mummy.
The mummy is moderately damaged.
The mummy hits you but does no damage. The mummy hits you!
You die...

......#
#....#
#....#
#....#
#....#
#....#
#Z...#
#MMZ.#
#@MZ.#
#.M∩.#
######


You could see 4 mummies, 2 hobgoblin zombies and an orc zombie.

Vanquished Creatures
  Pikel (D:4)
  Robin (D:3)
  5 adders
  A worm (D:3)
  An orc (D:3)
  7 endoplasms
  2 giant cockroaches
  4 goblins
  6 hobgoblins
  4 kobolds
  3 quokkas
  4 ball pythons
  2 bats (D:2)
  3 frilled lizards
  A hobgoblin zombie (Ossuary)
  A kobold zombie (Ossuary)
  An orc zombie (Ossuary)
  5 rats
52 creatures vanquished.

Notes
Turn   | Place    | Note
-------+----------+-------------------------------------------
     0 | D:1      | Villanelle the Human Brigand began the quest for the Orb.
     0 | D:1      | Reached XP level 1. HP: 16/16 MP: 1/1
   218 | D:1      | Reached XP level 2. HP: 22/22 MP: 2/2
   386 | D:2      | Reached XP level 3. HP: 17/27 MP: 3/3
   481 | D:3      | Noticed Robin
   496 | D:3      | Killed Robin
   497 | D:3      | Reached XP level 4. HP: 19/33 MP: 4/4
   665 | D:3      | Reached skill level 1 in Armour
   764 | D:3      | Found a snail-covered altar of Cheibriados.
   820 | D:3      | Found a faded altar of an unknown god.
  1012 | D:4      | Noticed a lemure
  1012 | D:4      | Noticed a lemure
  1013 | D:4      | Noticed Pikel
  1013 | D:4      | Noticed a lemure
  1013 | D:4      | Noticed a lemure
  1032 | D:4      | Reached XP level 5. HP: 38/38 MP: 6/6
  1079 | D:4      | Killed Pikel
  1080 | D:4      | Reached skill level 5 in Stealth
  1080 | D:4      | Reached skill level 1 in Spellcasting
  1080 | D:4      | Reached XP level 6. HP: 22/47 MP: 6/8
  1080 | D:4      | Reached XP level 7. HP: 25/52 MP: 6/9
  1186 | D:4      | Found a sand-covered staircase.
  1194 | Ossuary  | Entered an ossuary
  1235 | Ossuary  | Mangled by a mummy

Illustrated notes

Levels and vault maps discovered:
D:1:      beargit_arrival_diablo_church, layout_rooms, minmay_misc_feat_ornament
D:2:      layout_rooms, uniq_terence
D:3:      layout_basic, mainiacjoe_overflow_concentric_impassable,
          hellmonk_ecumenical_altar_blasted, chequers_serial_rivers_room_b,
          minmay_goblin_kobold_house, uniq_robin
D:4:      layout_loops_cross, nicolae_gozag_seed_capital, enter_ossuary_4,
          uniq_sigmund, uniq_pikel
Ossuary:  ossuary_tomb_3

Skill      XL: |  1  2  3  4  5 |
---------------+----------------+-----
Armour         | 1 2 |  2.0
Fighting       | 3 |  3.0
Short Blades   | 4 |  4.2
Dodging        | 2 |  2.9
Stealth        | 5 |  5.5
Spellcasting   | 1 |  1.6
Throwing       | |  2.9

Action                     |  1- 3 |  4- 6 |  7- 9 || total
---------------------------+-------+-------+-------++-------
  Melee: Dagger            |    61 |   132 |    22 ||   215
         Punch             |       |     1 |       ||     1
  Throw: Dart              |     5 |     2 |       ||     7
         Throwing net      |       |     1 |       ||     1
    Use: Scroll            |     3 |     5 |       ||     8
         Potion            |       |     2 |     1 ||     3
   Stab: Sleeping          |     8 |     4 |     1 ||    13
         Distracted        |       |     1 |       ||     1
         Held in net/web   |       |     1 |       ||     1
 Armour: Robe              |    15 |    26 |     9 ||    50
  Dodge: Dodged            |    37 |    52 |    12 ||   101
